 Dungeon Crawl Stone Soup version 0.31-a0-1376-g36f0627844 (webtiles) character file.

Game seed: 10598978848051113132

7 Colgate the Twirler (level 1, 10/16 HPs)
             Began as a Demonspawn Gladiator on Dec 24, 2023.
             Quit the game on level 1 of the Dungeon.
             The game lasted 00:01:07 (51 turns).

Colgate the Twirler (Demonspawn Gladiator)            Turns: 51, Time: 00:01:07

Health: 10/16      AC:  4    Str: 14    XL:     1   Next: 83%
Magic:  1/1        EV: 12    Int:  8    God:
Gold:   14         SH:  0    Dex: 14    Spells: 0/0 levels left

rFire   . . .        a - +0 quarterstaff
rCold   . . .        (shield currently unavailable)
rNeg    . . .        b - +0 leather armour
rPois   .            c - +0 helmet
rElec   .            (no cloak)
rCorr   .            (no gloves)
SInv    .            (no boots)
Will    .....        (no amulet)
Stlth   +            (no ring)
HPRegen 0.22/turn    (no ring)
MPRegen 0.07/turn

%: no passive effects
@: no status effects
A: no striking features
a: no special abilities


You were on level 1 of the Dungeon.
You visited 1 branch of the dungeon, and saw 1 of its levels.

You collected 14 gold pieces.

Inventory:

Hand Weapons
 a - a +0 quarterstaff (weapon)
Missiles
 d - 3 throwing nets (quivered) {!f}
 e - a javelin
Armour
 b - a +0 leather armour (worn)
 c - a +0 helmet (worn)


   Skills:
 - Level 2.0 Fighting
 + Level 3.1 Staves
 - Level 1.7 Throwing
 - Level 2.6 Dodging


You couldn't memorise any spells.
You didn't know any spells.
Your spell library was empty.

Dungeon Overview and Level Annotations

Branches:
Dungeon (1/15)

Altars:


Message History

a ball python corpse; a rat corpse
Found a club.
You now have 14 gold pieces.
No target in view!
A kobold comes into view.
It is wielding a +2 short sword of flaming.
The kobold shouts!
You hit the kobold but do no damage.
The kobold hits you with a +2 short sword of flaming.
The kobold burns you.
You closely miss the kobold.
The kobold hits you with a +2 short sword of flaming.
The kobold burns you. The kobold barely misses you.
Press: ? - help, v - describe, . - travel The floor.
Throw: 3 throwing nets {!f}
Press: ? - help, Shift-Dir - straight line, f - kobold
Aim: a kobold, wielding a +2 short sword of flaming (47% to hit)
You throw a throwing net {!f}.
The throwing net {!f} closely misses the kobold.
Throw: javelin
Press: ? - help, Shift-Dir - straight line, f/p - kobold
Aim: a kobold, wielding a +2 short sword of flaming (47% to hit)
You throw a javelin.
The javelin pierces through the kobold but does no damage.
The kobold barely misses you. The kobold closely misses you.
Throw: 2 throwing nets {!f}
Press: ? - help, Shift-Dir - straight line, f/p - kobold
Aim: a kobold, wielding a +2 short sword of flaming (47% to hit)
You throw a throwing net {!f}. The throwing net {!f} hits the kobold.
The kobold is caught in the net!
The kobold struggles against the net.
You sock the kobold!
You kill the kobold!
d - 2 throwing nets {!f} (gained 1);
e - a javelin
d - 3 throwing nets {!f} (gained 1)
Things that are here:
a +2 short sword of flaming; a kobold corpse
Press: ? - help, v - describe, . - travel, g - get item
Items here: a +2 short sword of flaming; a kobold corpse.
The floor, spattered with blood.

############ #####
P≈~~').#...###...##
..~.##...#.....#..#
~~.~##†.###...###.#
..P~#....#.....#..#
.P..#........#....#
~P~.#.......###...##
..~~+......###.....#
#####>...#..#..#@..#
...>..###...###..#
#......#..#..#...#
...........##.....#
..#...)....####..##
.........# #.## ..#
..#


There were no monsters in sight!

Vanquished Creatures
  A ball python (D:1)
  2 goblins (D:1)
  A quokka (D:1)
  A kobold (D:1)
  A rat (D:1)
6 creatures vanquished.

Notes
Turn   | Place    | Note
-------+----------+-------------------------------------------
     0 | D:1      | Colgate the Demonspawn Gladiator began the quest for the
                  | Orb.
     0 | D:1      | Reached XP level 1. HP: 16/16 MP: 1/1
    26 | D:1      | Reached skill level 3 in Staves
    51 | D:1      | Quit the game

Illustrated notes

Levels and vault maps discovered:
D:1:      lightli_arrival_flooded_house, layout_rooms, serial_glass,
          glass_columns_b, glass_columns_c, minmay_strange_pillars,
          item_on_display_a, dreamdust_princess_bridge

Skill      XL: |  1 |
---------------+----+-----
Staves         | 3 |  3.1
Fighting       | |  2.0
Throwing       | |  1.7
Dodging        | |  2.6

Action                     || total
---------------------------++-------
  Melee: Quarterstaff      ||    10
  Throw: Throwing net      ||     2
         Javelin           ||     1
 Armour: Leather armour    ||     3
  Dodge: Dodged            ||     7

Table legend: (Time is in decaauts)
 A = Elapsed time spent in this place.
 B = Non-inter-level travel time spent in this place.
 C = Inter-level travel time spent in this place.
 D = Time resting spent in this place.
 E = Time spent auto-exploring this place.
 F = Levels seen in this place.
 G = Mean time per level.
                   A        B        C        D        E       F      G
               +--------+--------+--------+--------+--------+-----+--------+
         Total |     53 |     53 |      0 |      3 |     11 |   1 |   53.0 |
       Dungeon |     53 |     53 |      0 |      3 |     11 |   1 |   53.0 |
               +--------+--------+--------+--------+--------+-----+--------+

Top non-repeatable levels by time:
     D:1: 53 daAuts
